 Dungeon Crawl Stone Soup version 0.30-a0-585-g93115170b9 (webtiles) character file.

Game seed: 15527870306923820356

4300 Dartaoz the Protected (level 10, -1/89 HPs)
             Began as an Armataur Fighter on Jan 2, 2023.
             Was a Believer of Makhleb.
             Slain by a two-headed ogre
             ... wielding a +0 halberd
              (8 damage)
             ... in a bailey.
             The game lasted 01:13:50 (8238 turns).

Dartaoz the Protected (Armataur Fighter)            Turns: 8238, Time: 01:13:50

Health: -1/89      AC: 17    Str: 26    XL:     10   Next: 11%
Magic:  14/14      EV: 10    Int:  8    God:    Makhleb [**....]
Gold:   278        SH:  5    Dex: 10    Spells: 9/9 levels left

rFire   . . .      SeeInvis .    W - +4 morningstar
rCold   . . .      Faith    .    c - +0 buckler
rNeg    . . .      Spirit   .    C - +0 plate armour
rPois   .          Reflect  .    e - +0 helmet
rElec   .          Harm     .    J - +0 cloak
rCorr   +          Roll     +    H - +1 pair of gloves
Will    .....                    (no barding) Stlth
                                 (no amulet)
HPRegen 0.34/turn                t - +5 ring of evasion
MPRegen 0.14/turn                p - ring of resist corrosion

@: about to teleport
A: large, rugged brown scales 3, deformed body, armoured tail, roll, long
tongue, awkward tongue
a: Renounce Religion, Minor Destruction


You were in a bailey.
You worshipped Makhleb.
Makhleb was pleased with you.
You visited 2 branches of the dungeon, and saw 10 of its levels.
You also visited: Bailey.

You collected 473 gold pieces.
You spent 195 gold pieces at shops.

Inventory:

Hand Weapons
 a - a +0 flail of protection
 k - a +3 whip of flaming
 l - a +0 whip of venom
 r - a +2 war axe of flaming
 y - a +0 flail of protection
 D - a +0 sling
 G - a +1 flail of protection
 K - a +0 hammer
 O - a +1 heavy flail
 V - a +3 dire flail
 W - a +4 morningstar (weapon)
Missiles
 h - 5 atropa-tipped darts (quivered)
 j - 14 poisoned darts
 q - 3 javelins
 s - a throwing net
 S - 2 curare-tipped darts
Armour
 b - a +0 scale mail
 c - a +0 buckler (worn)
 e - a +0 helmet (worn)
 u - a +0 ring mail
 C - a +0 plate armour (worn)
 H - a +1 pair of gloves (worn)
 J - a +0 cloak (worn)
 T - +0 acid dragon scales
Jewellery
 i - a ring of magical power
 p - a ring of resist corrosion (right hand)
 t - a +5 ring of evasion (left hand)
 E - a ring of resist corrosion
 P - a ring of flight
Wands
 A - a wand of mindburst (8)
 M - a wand of polymorph (8)
Scrolls
 d - 2 scrolls of poison
 m - 5 scrolls of teleportation
 n - a scroll of blinking
 o - 3 scrolls of immolation
 x - 2 scrolls of fog
 B - a scroll of magic mapping {unknown}
 L - a scroll of vulnerability
 Q - a scroll of silence {unknown}
 R - 2 scrolls of identify
 U - a scroll of noise
Potions
 f - a potion of invisibility {unknown}
 g - 3 potions of haste
 w - a potion of mutation
 z - 3 potions of curing
 F - a potion of brilliance {unknown}
 I - a potion of ambrosia {unknown}
 N - a potion of lignification {unknown}


   Skills:
 + Level 6.8 Fighting
 + Level 6.4 Maces & Flails
 + Level 8.9 Armour
 + Level 8.1 Shields
 + Level 5.7 Invocations


You had 9 spell levels left.
You didn't know any spells.
Your spell library contained the following spells:

 Spells                   Type           Power      Damage    Failure   Level
 Beastly Appendage        Tmut           0%         N/A       99%         1
 Sublimation of Blood     Necr           0%         N/A       100%        2
 Wereblood                Tmut           0%         N/A       100%        2
 Dazzling Flash           Conj/Hex       0%         N/A       100%        3
 Ignite Poison            Fire/Tmut/Pois 0%         N/A       100%        3
 Kindle Blastsparks       Fire/Tloc/Air  0%         2d10      100%        3
 Spider Form              Tmut/Pois      0%         N/A       100%        3
 Fulminant Prism          Conj/Hex       0%         3d5       100%        4
 Iskenderun's Mystic Bla  Conj/Tloc      0%         2d3       100%        4
 Petrify                  Tmut/Erth      0%         N/A       100%        4
 Agony                    Necr           0%         N/A       100%        5
 Alistair's Intoxication  Tmut/Pois      0%         N/A       100%        5
 Borgnjor's Vile Clutch   Necr/Erth      0%         N/A       100%        5
 Freezing Cloud           Conj/Ice/Air   0%         6-21      100%        5
 Irradiate                Conj/Tmut      0%         3d11      100%        5
 Lee's Rapid Deconstruct  Erth           0%         3d4*      100%        5
 Silence                  Hex/Air        0%         N/A       100%        5
 Eringya's Noxious Bog    Tmut/Pois      0%         N/A       100%        6


Dungeon Overview and Level Annotations

Branches:
Dungeon (9/15)             Temple (1/1) D:4          Bailey (1/1)
   Lair: D:8-11         Orc: D:9-12

Altars:
Ashenzari
Cheibriados
Elyvilon
Fedhas
Hepliaklqana
Kikubaaqudgha
Makhleb
Nemelex Xobeh
Okawaru
Qazlal
Ru
Sif Muna
Trog
Uskayaw
Wu Jian
Xom
Yredelemnul
Zin

Shops:
D:5 (

Annotations:
D:6 2 transporters, wpisznazwe's ghost, novice OgGl


Innate Abilities, Weirdness & Mutations

You are completely covered in rugged brown scales. (AC +3, +7% HP)
Armour fits poorly on your strangely shaped body.
You have a long armoured tail.
You roll when moving toward enemies. (Rampage)
Your long tongue fully drains potion bottles. (2x potion effects)
Your tongue gives you trouble enunciating. (1.5x scroll delay)


Message History

The two-headed ogre hits you from afar with a +0 halberd.
The two-headed ogre closely misses you. The spriggan barely misses you.
You miss the spriggan. You block the spriggan's attack.
The two-headed ogre hits you but does no damage.
The two-headed ogre closely misses you. The ogre closely misses you.
You closely miss the spriggan.
Your tail-slap misses the spriggan.
The spriggan hits you with a +0 spear!
* * * LOW HITPOINT WARNING * * *
The two-headed ogre closely misses you. The two-headed ogre barely misses you.
The ogre barely misses you.
The spriggan hits you but does no damage.
You barely miss the spriggan.
Your tail-slap misses the spriggan.
You block the spriggan's attack. The two-headed ogre barely misses you.
The two-headed ogre hits you from afar with a +0 glaive!
* * * LOW HITPOINT WARNING * * *
The ogre barely misses you.
You barely miss the spriggan.
A spriggan comes into view. It is wielding a +0 spear.
The spriggan hits you but does no damage.
You miss the spriggan.
The spriggan shouts!
The ogre misses you. The two-headed ogre barely misses you.
The two-headed ogre hits you but does no damage.
The spriggan hits you with a +0 spear.
* * * LOW HITPOINT WARNING * * *
The spriggan drinks a potion.
The spriggan seems to grow stronger.
You slurp down every last drop of the 4 potions of curing!
You feel better.
The spriggan hits you but does no damage.
The two-headed ogre closely misses you. You block the two-headed ogre's attack.
You block the ogre's attack.
The spriggan hits you from afar with a +0 spear.
* * * LOW HITPOINT WARNING * * *
As you slowly read the scroll of teleportation, it crumbles to dust.
You feel strangely unstable. The spriggan barely misses you.
The spriggan hits you from afar with a +0 spear!!
* * * LOW HITPOINT WARNING * * *
You block the two-headed ogre's attack.
The two-headed ogre hits you from afar with a +0 glaive!
You die...

#########
##..O....##
##.@iO.....##
#
#..♣######..##
## #.i♣#
#♣..## ##.
#..# ##..##
#.. #...♣
##(.###..
#...# #..~~~..
#..~# #..~~~..
#..~~ ♣..~~~..
#..~# ♣..~~~..


You could see a two-headed ogre, an ogre and 2 spriggans.

Vanquished Creatures
  Pikel (D:7)
  3 spriggans (Bailey)
  A wyvern (D:7)
  2 water moccasins (D:7)
  An acid dragon (D:8)
  A sky beast (D:6)
  2 centaurs (D:8)
  2 ogres
  3 lemures (D:7)
  2 kobold brigands (D:8)
  A bullfrog (D:9)
  A gnoll sergeant (D:8)
  5 necrophages
  3 scorpions
  11 wights
  9 killer bees
  2 hounds
  4 jellies
  A gnoll bouda (D:9)
  Crazy Yiuf (D:5)
  2 orc priests
  4 iguanas
  Jessica (D:3)
  Terence (D:3)
  Natasha (twice) (D:3)
  16 gnolls
  4 adders
  3 white imps
  3 dart slugs
  6 orcs
  4 ball pythons
  3 bats
  6 endoplasms
  4 giant cockroaches
  7 goblins
  4 hobgoblins (D:1)
  3 jackals (D:2)
  14 kobolds
  4 quokkas
  4 frilled lizards
  3 rats (D:1)
154 creatures vanquished.

Notes
Turn   | Place    | Note
-------+----------+-------------------------------------------
     0 | D:1      | Dartaoz the Armataur Fighter began the quest for the Orb.
     0 | D:1      | Reached XP level 1. HP: 19/19 MP: 1/1
    99 | D:1      | Found a faded altar of an unknown god.
   179 | D:1      | Reached XP level 2. HP: 22/26 MP: 2/2
   845 | D:2      | Reached XP level 3. HP: 33/33 MP: 3/3
  1188 | D:2      | Reached XP level 4. HP: 40/40 MP: 4/4
  1958 | D:3      | Found a sacrificial altar of Ru.
  2015 | D:3      | Noticed a necrophage
  2049 | D:3      | Killed a necrophage
  2050 | D:3      | Reached XP level 5. HP: 45/48 MP: 5/5
  2138 | D:3      | Noticed Terence
  2151 | D:3      | Killed Terence
  2196 | D:3      | Noticed Natasha
  2201 | D:3      | Reached skill level 5 in Armour
  2207 | D:3      | Killed Natasha
  2226 | D:3      | Noticed Jessica
  2237 | D:3      | Killed Jessica
  2238 | D:3      | Reached XP level 6. HP: 55/55 MP: 6/6
  2327 | D:3      | Noticed Natasha
  2336 | D:3      | Killed Natasha
  2490 | D:4      | Found a staircase to the Ecumenical Temple.
  2616 | Temple   | Entered the Ecumenical Temple
  2839 | Temple   | Became a worshipper of Makhleb the Destroyer
  2981 | D:4      | Found a stormy altar of Qazlal.
  2996 | D:4      | Reached skill level 5 in Shields
  3143 | D:4      | Reached skill level 1 in Invocations
  3322 | D:4      | Found an iron altar of Okawaru.
  3323 | D:4      | Found an ancient bone altar of Kikubaaqudgha.
  3658 | D:5      | Entered Level 5 of the Dungeon
  3666 | D:5      | Found Ruih's Antique Weapon Emporium.
  3728 | D:5      | Reached XP level 7. HP: 41/63 MP: 7/7
  3936 | D:5      | Found a shimmering altar of Xom.
  3936 | D:5      | Found a broken altar of Ashenzari.
  4259 | D:5      | Found a bloodstained altar of Trog.
  4385 | D:5      | Found a runed translucent door.
  4386 | D:5      | Noticed Crazy Yiuf
  4395 | D:5      | Killed Crazy Yiuf
  4395 | D:5      | Reached * piety under Makhleb
  4660 | D:6      | Reached XP level 8. HP: 43/71 MP: 9/9
  4919 | D:6      | Reached skill level 5 in Fighting
  5289 | D:6      | Found a transporter.
  5291 | D:6      | Noticed wpisznazwe's ghost (novice OgGl)
  5292 | D:6      | Found a transporter.
  5293 | D:6      | Noticed a two-headed ogre
  5578 | D:5      | Bought a runed flail for 195 gold pieces
  5930 | D:7      | Reached skill level 5 in Maces & Flails
  6194 | D:7      | Noticed Pikel
  6241 | D:7      | Reached XP level 9. HP: 74/80 MP: 10/12
  6278 | D:7      | Killed Pikel
  7292 | D:8      | Reached ** piety under Makhleb
  7293 | D:8      | Reached skill level 5 in Invocations
  7624 | D:8      | Found a snail-covered altar of Cheibriados.
  8145 | D:9      | Found a flagged portal.
  8156 | Bailey   | Entered a bailey
  8188 | Bailey   | Reached XP level 10. HP: 29/89 MP: 14/14
  8196 | Bailey   | Noticed a two-headed ogre
  8238 | Bailey   | Slain by a two-headed ogre

Illustrated notes

Levels and vault maps discovered:
D:1:      amcnicky_arrival_choice, layout_loops_ring,
          dreamdust_ecumenical_altar_statues, minmay_pentomino_q2
D:2:      layout_basic
D:3:      layout_rooms, mainiacjoe_overflow_catwalk, serial_glass,
          glass_columns_a, glass_columns_c, lightli_corner_chamber,
          uniq_terence, uniq_jessica, uniq_natasha
D:4:      layout_cave_pods, mainiacjoe_overflow_cross_hatched,
          gammafunk_temple_overflow_statue, minmay_temple_entry_sparse_star
D:5:      layout_cave_pools, trog_book, nicolae_overflow_squiral, serial_shops,
          nicolae_take_the_stairs, uniq_crazy_yiuf_cottage
D:6:      layout_cave_pools, gammafunk_ghost_smash
D:7:      layout_rooms, uniq_pikel
D:8:      layout_basic, pf_just_have_faith, serial_rivers,
          chequers_serial_rivers_micro_a, chequers_serial_rivers_small_3,
          chequers_serial_rivers_small_b, chequers_serial_rivers_small_b,
          chequers_serial_rivers_large_b, chequers_serial_rivers_room_b
D:9:      layout_loops_ring, nicolae_dithmenos_shadow_blocks, tso_oasis_becter,
          enter_bailey_2, uniq_grum
Temple:   chequers_temple_sunken
Bailey:   bailey_polearm_enchanted_keep_hellmonk, bailey

Skill      XL: |  1  2  3  4  5  6  7  8  9 |
---------------+----------------------------+-----
Maces & Flails | 2 3 4 5 6 |  6.4
Armour         | 4 5 6 7 8 |  8.9
Fighting       | 3 4 5 6 |  6.8
Shields        | 4 5 6 8 |  8.1
Invocations    | 1 2 4 5 |  5.7

Action                   |  1- 3 |  4- 6 |  7- 9 | 10-12 || total
-------------------------+-------+-------+-------+-------++-------
Melee: Flail             |    40 |       |       |       ||    40
       Tailslap          |     9 |    21 |    70 |       ||   100
       Whip              |    68 |   141 |   357 |       ||   566
       Morningstar       |       |       |    44 |    14 ||    58
Throw: Javelin           |       |     1 |    13 |       ||    14
       Dart              |       |     1 |       |     1 ||     2
  Use: Potion            |       |     1 |     1 |     3 ||     5
       Scroll            |       |    14 |     4 |     1 ||    19
Armor: Scale mail        |    64 |    34 |     3 |       ||   101
       Plate armour      |       |       |   144 |    15 ||   159
       Ring mail         |       |       |     1 |       ||     1
Dodge: Dodged            |    36 |    61 |   132 |    27 ||   256
Block: Buckler           |    23 |    14 |    70 |    15 ||   122

Table legend: (Time is in decaauts)
 A = Elapsed time spent in this place.
 B = Non-inter-level travel time spent in this place.
 C = Inter-level travel time spent in this place.
 D = Time resting spent in this place.
 E = Time spent auto-exploring this place.
 F = Levels seen in this place.
 G = Mean time per level.
                   A        B        C        D        E       F      G
               +--------+--------+--------+--------+--------+-----+--------+
         Total |   8237 |   8042 |    195 |   2128 |   4035 |  11 |  748.8 |
       Dungeon |   7905 |   7710 |    195 |   2128 |   3859 |   9 |  878.3 |
        Temple |    245 |    245 |      0 |      0 |    154 |   1 |  245.0 |
        Bailey |     86 |     86 |      0 |      0 |     22 |   1 |   86.0 |
               +--------+--------+--------+--------+--------+-----+--------+

Top non-repeatable levels by time:
     D:8: 1311 daAuts
     D:6: 1169 daAuts
     D:2: 1063 daAuts
     D:4: 1026 daAuts
     D:5: 962 daAuts
     D:1: 739 daAuts
     D:7: 673 daAuts
     D:3: 600 daAuts
     D:9: 358 daAuts
  Temple: 245 daAuts
  Bailey: 86 daAuts
